 Dungeon Crawl Stone Soup version 0.31.0-12-g77e489cdc1 (webtiles) character file.

Game seed: 16470487601912300589

47919 Metae the Fighter (level 14, -5/127 HPs)
             Began as a Minotaur Fighter on Feb 21, 2024.
             Was the Champion of the Shining One.
             Slain by a red devil
             ... wielding a +1 demon trident of electrocution
              (10 damage)
             ... on level 5 of the Lair of Beasts.
             The game lasted 00:48:21 (14135 turns).

Metae the Fighter (Minotaur Fighter)               Turns: 14135, Time: 00:48:29

Health: -5/127     AC: 17    Str: 25    XL:     14   Next: 10%
Magic:  17/20      EV: 16    Int:  5    God:    the Shining One [******]
Gold:   903        SH: 17    Dex: 20    Spells: 13/13 levels left

rFire   x . .        a - +0 trident
rCold   + . .        c - +0 buckler
rNeg    + + +        U - +1 chain mail of the Byakko {rF- rC+ Dex+7 Slay+3}
rPois   +            (helmet restricted)
rElec   .            l - +1 cloak
rCorr   .            i - +0 pair of gloves
SInv    .            (no boots)
Will    +....        d - amulet of regeneration Stlth
                     b - ring of Sloth {Fly rN+ Dex+2}
HPRegen 1.21/turn    y - ring of poison resistance
MPRegen 0.17/turn

%: no passive effects
@: divinely shielded, spiked, flying, glowing
A: horns 2, retaliatory headbutt
a: Renounce Religion, Divine Shield, Cleansing Flame, Summon Divine Warrior,
Brand Weapon With Holy Wrath


You were on level 5 of the Lair of Beasts.
You worshipped the Shining One.
The Shining One was exalted by your worship.
You visited 2 branches of the dungeon, and saw 14 of its levels.
You also visited: Ossuary and Bailey.

You collected 903 gold pieces.

Inventory:

Hand Weapons
 a - a +0 trident (weapon)
Missiles
 m - 16 poisoned darts (quivered)
 M - 17 boomerangs
Armour
 c - a +0 buckler (worn)
 i - a +0 pair of gloves (worn)
 l - a +1 cloak (worn)
 u - a +0 plate armour
 U - the +1 chain mail of the Byakko (worn) {rF- rC+ Dex+7 Slay+3}
   (You found it on level 8 of the Dungeon)

   Dex+7:     It affects your dexterity (+7).
   Slay+3:    It affects your accuracy & damage with ranged weapons and melee
   (+3).
   rF-:       It makes you vulnerable to fire.
   rC+:       It protects you from cold.
Jewellery
 b - the ring of Sloth (left hand) {Fly rN+ Dex+2}
   (You acquired it in a bailey)

   [ring of flight]

   Dex+2:     It affects your dexterity (+2).
   rN+:       It protects you from negative energy.
   Fly:       It grants you flight.
 d - an amulet of regeneration (around neck)
 e - a +4 ring of protection
 s - a ring of see invisible
 y - a ring of poison resistance (right hand)
 E - a ring of positive energy
 N - a ring of protection from fire
 P - a ring of protection from cold
 Q - a +6 ring of dexterity
 R - a ring of willpower
 S - an amulet of the acrobat
Wands
 g - a wand of polymorph (4)
 t - a wand of paralysis (4)
 G - a wand of digging (9)
 T - a wand of light (6)
 V - a wand of mindburst (16)
 W - a wand of flame (19)
 Z - a wand of roots (10)
Scrolls
 k - 4 scrolls of fear
 r - a scroll of brand weapon
 v - a scroll of poison
 w - 3 scrolls of revelation
 D - a scroll of silence
 I - 5 scrolls of teleportation
 J - a scroll of enchant weapon
 K - a scroll of fog
 L - a scroll of enchant armour
 X - a scroll of identify
Potions
 f - a potion of berserk rage {unknown}
 h - a potion of resistance {unknown}
 j - 8 potions of mutation {unknown}
 n - 9 potions of curing
 o - 2 potions of lignification {unknown}
 p - 2 potions of magic {unknown}
 q - 3 potions of haste {unknown}
 x - 5 potions of brilliance {unknown}
 z - 3 potions of heal wounds {unknown}
 A - 2 potions of enlightenment {unknown}
 B - 2 potions of cancellation {unknown}
 C - 2 potions of ambrosia {unknown}
 F - a potion of invisibility {unknown}
 H - a potion of attraction
 O - 3 potions of might


   Skills:
 + Level 12.9 Fighting
 + Level 12.6 Polearms
 + Level 12.9 Armour
 + Level 11.4 Dodging
 - Level 8.5 Shields
 + Level 9.9 Invocations
 + Level 7.2 Evocations


You had 13 spell levels left.
You didn't know any spells.
Your spell library contained the following spells:

 Spells                   Type           Power      Damage    Failure   Level
 Apportation              Tloc           0%         N/A       91%         1
 Necrotise                Necr           0%         1d4       91%         1
 Sting                    Conj/Alch      0%         1d3       91%         1
 Summon Small Mammal      Summ           0%         N/A       91%         1
 Cigotuvi's Dreadful Rot  Necr/Alch/Air  0%         N/A       97%         2
 Inner Flame              Hex/Fire       0%         N/A       100%        3
 Vampiric Draining        Necr           0%         2d6       100%        3
 Flame Wave               Conj/Fire      0%         2d4       100%        4
 Ignite Poison            Fire/Alch      0%         N/A       100%        4
 Leda's Liquefaction      Alch/Erth      0%         N/A       100%        4
 Martyr's Knell           Necr/Summ      0%         N/A       100%        4
 Sticky Flame             Fire/Alch      0%         2d4       100%        4
 Curse of Agony           Necr           0%         N/A       100%        5
 Freezing Cloud           Conj/Ice/Air   0%         6-21      100%        5
 Lee's Rapid Deconstruct  Erth           0%         3d4*      100%        5
 Bombard                  Conj/Erth      0%         9d1       100%        6
 Ignition                 Fire           0%         3d3       100%        8


Dungeon Overview and Level Annotations

Branches:
Dungeon (9/15)             Temple (0/1) D:6            Lair (5/5) D:9
  Swamp (0/4) Lair:2       Spider (0/4) Lair:3        Slime (0/5) Lair:5
Ossuary (visited)          Bailey (visited)
    Orc: D:9-12

Altars:
Ashenzari
Cheibriados
Hepliaklqana
Makhleb
Okawaru
Uskayaw
Vehumet
Xom
The Shining One

Shops:
D:8 :   D:9 [


Innate Abilities, Weirdness & Mutations

You have a pair of horns on your head.
You reflexively headbutt those who attack you in melee.


Message History

You hit the ice devil but do no damage. You headbutt the ice devil!
The ice devil is moderately wounded.
The ice devil hits you but does no damage.
The red devil closely misses you.
You hit the ice devil but do no damage. Your headbutt misses the ice devil.
The ice devil is moderately wounded.
You hit the ice devil but do no damage.
The ice devil is moderately wounded.
The ice devil closely misses you.
The red devil hits you from afar with a +1 demon trident of electrocution!
Barbed spikes become lodged in your body.
You are electrocuted!
You block the hell hound's attack.
You hit the ice devil but do no damage.
The ice devil is moderately wounded.
You block the hell hound's attack. The ice devil barely misses you.
The red devil hits you from afar with a +1 demon trident of electrocution!
Barbed spikes become lodged in your body.
You hit the ice devil.
The ice devil is heavily wounded.
The hell hound bites you.
Your shield is strengthened by the Shining One's divine power.
The smoke demon gestures at you.
The ball of steam hits the hell hound.
The hell hound resists.
The ball of steam hits you!! The steam scalds you terribly!
* * * LOW HITPOINT WARNING * * *
The ice devil hits you.
* * * LOW HITPOINT WARNING * * *
The ice devil freezes you! You resist.
* * * LOW HITPOINT WARNING * * *
The hell hound bites you.
* * * LOW HITPOINT WARNING * * *
The red devil barely misses you.
It was a potion of curing.
You feel better.
You are engulfed in a cloud of scalding steam.
* * * LOW HITPOINT WARNING * * *
The hell hound breathes flames at you.
The blast of flame hits you but does no damage.
The red devil hits you but does no damage.
The red devil hits you from afar with a +1 demon trident of electrocution!
You die...

## ≈≈≈ #############§≈≈§ ♣♣♣
#.....3..#.....≈§ ..♣♣
#...8.8h.#....... ...♣
..8.#@44'...._.. ...♣
#...8.#.4#....... ..♣♣
#..#.8...#....... .♣♣
#...#.8..############## .♣
..8.8...'............. ♣♣
#........#...8....8.... ♣
♣♣♣♣♣+#########.............
♣ ♣♣.♣♣P♣♣♣ ######''######
♣♣ ♣♣.......♣♣♣ ♣.....♣


You could see an ice devil, a smoke demon, 2 red devils and a hell hound
(catching breath).

Vanquished Creatures
  Kirke (Lair:5)
  Nessos (Lair:3)
  2 dire elephants (Lair:5)
  6 hydras (Lair:5)
  A hell beast (Lair:5)
  2 two-headed ogres
  A death yak (Lair:5)
  5 skysharks
  An arcanist (Lair:5)
  2 orc sorcerers (Bailey)
  A manticore (D:8)
  An elephant (Lair:5)
  5 black mambas
  An ice statue (D:9)
  15 cane toads
  An eye of devastation (Lair:5)
  An orange demon (Lair:5)
  6 rime drakes
  13 komodo dragons
  4 trolls
  2 ice devils (Lair:5)
  A glass eye (Lair:5)
  A polar bear (Lair:4)
  15 blink frogs
  Sigmund (D:6)
  2 wraiths
  4 wyverns
  2 hogs (Lair:5)
  46 yaks
  2 basilisks
  A steam dragon (D:7)
  18 water moccasins
  3 hell hounds (Lair:5)
  11 orc warriors
  Duvessa (D:4)
  A black bear (D:9)
  A sky beast (D:6)
  2 ice beasts (D:6)
  3 ogres
  13 wolves
  4 centaurs
  3 kobold brigands
  12 bullfrogs
  4 scorpions
  15 wights
  Dowan (D:4)
  9 killer bees
  8 electric eels
  4 hounds (D:5)
  4 bullfrog zombies (Ossuary)
  4 jellies
  6 orc priests
  Crazy Yiuf (D:2)
  A sleepcap (D:4)
  11 hell rats (Lair:5)
  6 iguanas
  10 orc wizards
  A killer bee zombie (Ossuary)
  3 crocodile zombies (Ossuary)
  6 hound zombies (Ossuary)
  8 mummies (Ossuary)
  A howler monkey zombie (Ossuary)
  8 gnolls
  9 adders
  A shadow imp (D:8)
  A white imp (D:4)
  6 ufetubi (D:7)
  2 dart slugs
  2 ribbon worms
  39 orcs
  6 endoplasms
  4 giant cockroaches
  19 goblins
  9 hobgoblins
  4 jackals (D:3)
  20 kobolds
  4 quokkas
  4 ball pythons
  3 ball python zombies (Ossuary)
  6 bats
  10 rats
479 creatures vanquished.

Vanquished Creatures (others)
  5 humans (Lair:5)
5 creatures vanquished.

Grand Total: 484 creatures vanquished

Notes
Turn   | Place    | Note
-------+----------+-------------------------------------------
     0 | D:1      | Metae the Minotaur Fighter began the quest for the Orb.
     0 | D:1      | Reached XP level 1. HP: 19/19 MP: 0/0
   122 | D:1      | Reached XP level 2. HP: 27/27 MP: 1/1
   847 | D:2      | Found a radiant altar of Vehumet.
   858 | D:2      | Reached skill level 1 in Dodging
   976 | D:2      | Reached XP level 3. HP: 27/33 MP: 2/2
  1034 | D:2      | Identified the maw talisman "Birike" {rPois rF+ Str+3}
  1054 | D:2      | Reached XP level 4. HP: 28/40 MP: 3/3
  1648 | D:2      | Found a runed translucent door.
  1649 | D:2      | Noticed Crazy Yiuf
  1725 | D:2      | Killed Crazy Yiuf
  1977 | D:3      | Found a glowing golden altar of the Shining One.
  2100 | D:3      | Reached XP level 5. HP: 42/47 MP: 4/4
  2849 | D:3      | Became a worshipper of the Shining One
  2949 | D:4      | Found a broken altar of Ashenzari.
  2967 | D:4      | Found a hazy altar of Hepliaklqana.
  3033 | D:4      | Found a snail-covered altar of Cheibriados.
  3137 | D:4      | Noticed Duvessa
  3138 | D:4      | Noticed Dowan
  3167 | D:4      | Killed Duvessa
  3168 | D:4      | Reached skill level 1 in Invocations
  3168 | D:4      | Reached XP level 6. HP: 32/55 MP: 5/5
  3178 | D:4      | Killed Dowan
  3179 | D:4      | Reached skill level 5 in Fighting
  3179 | D:4      | Reached skill level 5 in Shields
  3592 | D:4      | Reached skill level 5 in Armour
  3715 | D:5      | Entered Level 5 of the Dungeon
  3801 | D:5      | Reached XP level 7. HP: 59/61 MP: 7/7
  3917 | D:5      | Found a sand-covered staircase.
  3922 | Ossuary  | Entered an ossuary
  3941 | Ossuary  | Reached * piety under the Shining One
  3993 | Ossuary  | Reached skill level 5 in Polearms
  4005 | Ossuary  | Reached ** piety under the Shining One
  4073 | Ossuary  | Reached XP level 8. HP: 66/70 MP: 9/9
  4332 | D:5      | Found a hide-covered altar of Uskayaw.
  4503 | D:5      | Reached *** piety under the Shining One
  4944 | D:6      | Noticed Sigmund
  4954 | D:6      | Killed Sigmund
  4955 | D:6      | Reached skill level 5 in Dodging
  5011 | D:6      | Reached XP level 9. HP: 50/75 MP: 8/10
  5068 | D:6      | Found a staircase to the Ecumenical Temple.
  5326 | D:6      | Found a radiant altar of Vehumet.
  5326 | D:6      | Found an iron altar of Okawaru.
  5419 | D:7      | Found a shimmering altar of Xom.
  5916 | D:7      | Reached **** piety under the Shining One
  6509 | D:8      | Reached skill level 5 in Invocations
  6683 | D:8      | Found Konarorch's Book Shoppe.
  6723 | D:8      | Noticed a two-headed ogre
  6725 | D:8      | Noticed a troll
  6732 | D:8      | Killed a two-headed ogre
  6733 | D:8      | Reached XP level 10. HP: 57/89 MP: 11/13
  6855 | D:8      | Noticed a manticore
  6874 | D:8      | Killed a manticore
  7279 | D:8      | Found a burning altar of Makhleb.
  7342 | D:8      | Reached ***** piety under the Shining One
  7490 | D:8      | Identified the +1 chain mail of the Byakko {rF- rC+ Dex+7
                  | Slay+3}
  7646 | D:9      | Reached skill level 1 in Evocations
  7744 | D:9      | Found Liukhleuc's Armour Emporium.
  7843 | D:9      | Found a flagged portal.
  7873 | Bailey   | Entered a bailey
  7974 | Bailey   | Noticed an orc sorcerer
  7977 | Bailey   | Noticed a rust devil
  7983 | Bailey   | Killed an orc sorcerer
  7984 | Bailey   | Reached XP level 11. HP: 33/97 MP: 14/14
  8081 | Bailey   | Found an iron altar of Okawaru.
  8081 | Bailey   | Noticed an orc sorcerer
  8089 | Bailey   | Killed an orc sorcerer
  8165 | Bailey   | Identified the +0 ring mail "Usuetud" {rN+++ Dex-4}
  8323 | Bailey   | Acquired the ring of Sloth {Fly rN+ Dex+2}
  8776 | D:9      | Found a staircase to the Lair.
  8841 | D:9      | Noticed a two-headed ogre
  8848 | D:9      | Killed a two-headed ogre
  9413 | Lair:1   | Entered Level 1 of the Lair of Beasts
  9413 | Lair:1   | Noticed a skyshark
  9425 | Lair:1   | Killed a skyshark
  9583 | Lair:1   | Reached skill level 10 in Fighting
  9583 | Lair:1   | Reached skill level 10 in Armour
  9862 | Lair:1   | Reached skill level 10 in Polearms
  9885 | Lair:1   | Reached XP level 12. HP: 50/107 MP: 16/16
 10581 | Lair:2   | Found a staircase to the Swamp.
 10630 | Lair:2   | Reached skill level 5 in Evocations
 11483 | Lair:3   | Noticed Nessos
 11495 | Lair:3   | Killed Nessos
 11744 | Lair:3   | Reached skill level 10 in Dodging
 11797 | Lair:3   | Found a hole to the Spider Nest.
 12444 | Lair:4   | Reached XP level 13. HP: 109/117 MP: 18/18
 13226 | Lair:5   | Entered Level 5 of the Lair of Beasts
 13284 | Lair:5   | Reached ****** piety under the Shining One
 13308 | Lair:5   | Noticed Kirke
 13326 | Lair:5   | Killed Kirke
 13617 | Lair:5   | Found a staircase to the Slime Pits.
 14009 | Lair:5   | Noticed a dire elephant
 14022 | Lair:5   | Killed a dire elephant
 14029 | Lair:5   | Reached XP level 14. HP: 98/127 MP: 20/20
 14098 | Lair:5   | Found a burning altar of Makhleb.
 14134 | Lair:5   | HP: 6/127 [hell hound (6)]
 14135 | Lair:5   | Slain by a red devil

Illustrated notes

Levels and vault maps discovered:
D:1:      giann_forest_graveyard, layout_loops_corners,
          shapermc_ecumenical_altar_petra
D:2:      layout_basic, basic_altar, minmay_pentomino_pile,
          uniq_crazy_yiuf_cottage
D:3:      layout_basic, marbit_many_paths, serial_co_window_serial,
          co_window_of_opportunity_a, co_window_corner_a, co_window_paths_a,
          co_window_paths_a, co_window_corner_a, co_window_corner_a,
          co_window_paths_a, co_window_cross_3, co_window_broadway_b,
          co_window_of_opportunity_b, co_window_of_opportunity_c,
          co_window_cross_3, co_window_corner_ca, glass_columns_b,
          glass_columns_c, glass_columns_a
D:4:      layout_basic, nicolae_ashenzari_skybound, cheibrodos_worm_habitat,
          old_standard_altar, serial_bayou, serial_bayou_shore_b,
          serial_bayou_pond_d, serial_bayou_lake_a, serial_bayou_pond_c,
          serial_bayou_shore_b, serial_bayou_pond_e, uniq_duvessa
D:5:      layout_basic, mainiacjoe_overflow_cross_hatched,
          nicolae_ossuary_entry_plus
D:6:      layout_rooms, gammafunk_temple_overflow_wave,
          minmay_temple_entry_drinking_statues, minmay_crystal_water,
          uniq_sigmund
D:7:      layout_loops_corners, nicolae_overflow_hidden_temple,
          chequers_serial_rivers_room_b
D:8:      layout_basic, lemuel_crystal_altar, serial_shops,
          nicolae_shop_real_fake_doors, kb_rosetta
D:9:      layout_rooms, due_lair_maze_entry_diamond, serial_shops, shop,
          serial_library, serial_library_regret_index_branch_corner,
          serial_library_hellmonk_big_corner, serial_library_regret_index_multi,
          serial_library_hellmonk_reading_circle,
          serial_library_hellmonk_room_c, serial_library_hellmonk_filled_rooms,
          serial_library_hellmonk_hallway_b, serial_library_hellmonk_hallway_b,
          serial_library_hellmonk_long_bookcase,
          serial_library_hellmonk_double_dead_end,
          lightli_bailey_entry_fortress, minivault_16,
          chequers_serial_rivers_room_b, kennysheep_nondescript
Lair:1:   layout_regular_city
Lair:2:   layout_concentric_octagons, swamp_mist, serial_bayou_ford_a
Lair:3:   layout_cave_pods, dummy_spider_entry, uniq_nessos
Lair:4:   layout_long_grid, grunt_megastairs_3, lemuel_fruit_fields
Lair:5:   evil_forest, layout_layer_cave, minmay_slime_entry_eyes,
          lemuel_fruit_tree, uniq_kirke

Skill      XL: |  1  2  3  4  5  6  7  8  9 10 11 12 13 |
---------------+----------------------------------------+-----
Dodging        | 1 2 3 4 5 6 7 8 10 11 | 11.4
Fighting       | 4 5 7 8 9 10 11 12 | 12.9
Armour         | 4 5 6 8 9 10 11 12 | 12.9
Shields        | 4 5 6 8 |  8.5
Polearms       | 3 4 5 6 7 8 10 11 12 | 12.6
Invocations    | 1 2 3 5 6 7 8 9 |  9.9
Evocations     | 2 4 5 7 |  7.2

Action                     |  1- 3 |  4- 6 |  7- 9 | 10-12 | 13-15 || total
---------------------------+-------+-------+-------+-------+-------++-------
  Melee: Trident           |    57 |   181 |   371 |   678 |   407 ||  1694
         Headbutt          |     9 |    20 |    86 |   186 |   146 ||   447
 Invoke: Divine Shield     |       |       |     1 |     2 |     3 ||     6
  Evoke: Wand              |       |       |       |     2 |     1 ||     3
    Use: Potion            |       |     1 |       |     1 |     1 ||     3
         Scroll            |       |     2 |     5 |     9 |     1 ||    17
 Armour: Scale mail        |    28 |    77 |       |       |       ||   105
         Plate armour      |       |    19 |   249 |    69 |       ||   337
         Chain mail        |       |       |       |   342 |   292 ||   634
  Dodge: Dodged            |    20 |    70 |    92 |   302 |   300 ||   784
  Block: Buckler           |     6 |    26 |    82 |   187 |   153 ||   454
